 Dungeon Crawl Stone Soup version 0.29-a0-231-g945431f764 (webtiles) character file.

Game seed: 567245756242060631

162 GraveyardiganJr the Sneak (level 5, -2/26 HPs)
             Began as a Vine Stalker Brigand on Feb 28, 2022.
             Was a Priest of Sif Muna.
             Slain by a bullfrog (4 damage)
             ... in a sewer.
             The game lasted 00:17:00 (2458 turns).

GraveyardiganJr the Sneak (Vine Stalker Brigand)    Turns: 2458, Time: 00:17:00

Health: -2/26      AC:  4    Str: 13    XL:     5   Next: 43%
Magic:  0/6        EV: 11    Int: 13    God:    Sif Muna [***...]
Gold:   89         SH:  0    Dex: 16    Spells: 4/4 levels left

rFire   . . .      SeeInvis .   a - +2 dagger
rCold   . . .      Faith    .   (no shield)
rNeg    . . .      Spirit   +   f - +0 leather armour
rPois   .          Reflect  .   (no helmet)
rElec   .          Harm     .   c - +0 cloak
rCorr   .          Rampage  .   (no gloves)
Will    .....                   (no boots)
Stlth   +++.......              (no amulet)
HPRegen 0.88/turn               (no ring)
MPRegen 0.10/turn               (no ring)

@: no status effects
A: fangs 2, regeneration 1, magic shield, antimagic bite, no potion heal 2
a: Renounce Religion, Channel Magic, Forget Spell


You were in a sewer.
You worshipped Sif Muna.
Sif Muna was most pleased with you.
You visited 1 branch of the dungeon, and saw 3 of its levels.
You also visited: Sewer.

You collected 89 gold pieces.

Inventory:

Hand Weapons
 a - a +2 dagger (weapon)
 b - a +0 hunting sling
Missiles
 d - 6 poisoned darts (quivered)
 e - a curare-tipped dart
Armour
 c - a +0 cloak (worn)
 f - a +0 leather armour (worn)
 g - a +0 robe
Jewellery
 j - a ring of fire
Scrolls
 h - a scroll of torment {unknown}
 i - 2 scrolls of blinking
 n - a scroll of identify {unknown}
 o - a scroll of amnesia {unknown}
 p - 2 scrolls of magic mapping
 q - a scroll of teleportation
 v - a scroll of noise {unknown}
Potions
 k - a potion of curing {unknown}
 l - a potion of magic {unknown}
 m - a potion of lignification {unknown}
 r - a potion of ambrosia
 s - a potion of flight {unknown}
 t - a potion of invisibility {unknown}
 u - a potion of resistance {unknown}
 w - 2 potions of cancellation {unknown}


   Skills:
 + Level 2.3 Fighting
 * Level 3.0 Short Blades
 + Level 2.0 Throwing
 + Level 1.1 Armour
 + Level 1.0 Dodging
 + Level 6.3 Stealth


You had 4 spell levels left.
You didn't know any spells.
Your spell library contained the following spells:

 Spells                   Type           Power      Damage    Failure   Level
 Static Discharge         Conj/Air       0%         N/A       52%         2
 Dispel Undead            Necr           0%         3d6       98%         4
 Sticky Flame             Conj/Fire      0%         2d3       98%         4


Dungeon Overview and Level Annotations

Branches:
Dungeon (3/15)              Sewer (1/1)

Altars:
Sif Muna
The Shining One


Innate Abilities, Weirdness & Mutations

You have extremely sharp teeth.
Your natural rate of healing is unusually fast.
When hurt, damage is shared between your health and your magic reserves.
Your bite disrupts and absorbs the magic of your enemies.
Potions cannot restore your health.


Message History

The bullfrog barely misses you.
The bullfrog hits you but does no damage.
The bullfrog closely misses you. The bullfrog hits you.
The bullfrog closely misses you. The bullfrog hits you. The bullfrog hits you.
The bullfrog hits you but does no damage.
The bullfrog hits you. x2
The bullfrog closely misses you. The bullfrog barely misses you.
It was a potion of ambrosia.
You are confused.
Your system rejects the healing.
You feel invigorated. The bullfrog hits you. x3
* * * LOW HITPOINT WARNING * * *
The bullfrog hits you.
* * * LOW HITPOINT WARNING * * *
You feel less invigorated.
You feel less confused. The bullfrog hits you.
* * * LOW HITPOINT WARNING * * *
The frilled lizard misses you. The bullfrog barely misses you.
The bullfrog hits you.
* * * LOW HITPOINT WARNING * * *
The bullfrog hits you.
* * * LOW HITPOINT WARNING * * *
The bullfrog barely misses you.
You hit the frilled lizard.
You kill the frilled lizard!
Sif Muna accepts your kill. The bullfrog hits you.
* * * LOW HITPOINT WARNING * * *
The bullfrog closely misses you. The bullfrog barely misses you.
You hit the bullfrog. Your bite misses the bullfrog.
The bullfrog is moderately wounded.
The bullfrog hits you.
* * * LOW HITPOINT WARNING * * *
The bullfrog misses you. The bullfrog barely misses you.
You barely miss the bullfrog. You bite the bullfrog. You drain its power.
You feel invigorated.
The bullfrog is moderately wounded.
The bullfrog hits you.
You die...

#....≈≈≈≈≈≈..≈≈≈≈≈
##..†..≈≈≈≈≈≈≈≈≈≈≈≈
#......≈≈≈≈≈≈≈≈≈≈≈≈
#†...##############
##...## #...#####
#..†.'..# #....#..#
##.@†####
#.FF.##############
#.....#≈≈≈≈≈≈≈≈≈≈≈≈
##.....≈≈≈≈≈≈≈≈≈≈≈≈
#.....≈≈≈≈≈≈≈≈≈≈≈≈
#.....≈≈≈≈≈≈≈≈≈#≈≈
##....≈≈≈≈≈#≈..†#≈
###..≈≈≈≈≈≈≈≈≈≈≈≈
###############


You could see 2 bullfrogs.

Vanquished Creatures
  5 adders
  5 river rats
  A dart slug (D:2)
  5 endoplasms
  3 giant cockroaches
  3 goblins
  5 hobgoblins (D:1)
  3 kobolds
  2 quokkas
  15 ball pythons
  2 bats (D:1)
  7 frilled lizards
  23 rats
79 creatures vanquished.

Notes
Turn   | Place    | Note
-------+----------+-------------------------------------------
     0 | D:1      | GraveyardiganJr the Vine Stalker Brigand began the quest
                  | for the Orb.
     0 | D:1      | Reached XP level 1. HP: 11/11 MP: 2/2
    28 | D:1      | Found a faded altar of an unknown god.
    30 | D:1      | Prayed at the altar of an unknown god.
    30 | D:1      | Became a worshipper of Sif Muna the Loreminder
    30 | D:1      | Reached * piety under Sif Muna
    64 | D:1      | Reached skill level 5 in Stealth
   212 | D:1      | Reached XP level 2. HP: 15/15 MP: 3/3
  1096 | D:1      | Reached XP level 3. HP: 18/18 MP: 4/4
  1198 | D:2      | Found a glowing golden altar of the Shining One.
  1529 | D:2      | Reached ** piety under Sif Muna
  1783 | D:2      | Gained mutation: Your natural rate of healing is unusually
                  | fast. [Vine Stalker growth]
  1783 | D:2      | Reached XP level 4. HP: 23/23 MP: 5/5
  2033 | D:3      | Found a glowing drain.
  2043 | D:3      | Reached skill level 6 in Stealth
  2129 | Sewer    | Entered a sewer
  2223 | Sewer    | Reached skill level 1 in Dodging
  2223 | Sewer    | Reached XP level 5. HP: 26/26 MP: 6/6
  2276 | Sewer    | Reached skill level 1 in Armour
  2356 | Sewer    | Reached *** piety under Sif Muna
  2454 | Sewer    | HP: 1/26 [bullfrog (3)]
  2458 | Sewer    | Slain by a bullfrog

Illustrated notes

Levels and vault maps discovered:
D:1:      lightli_molten_gateway, layout_loops_corners,
          chequers_ecumenical_altar_twisty, minmay_misc_feat_rugged
D:2:      cheibrodos_pilgrimage, layout_loops_corners, basic_altar
D:3:      layout_basic, portal_sewer_entry_a, kennysheep_pointless_box
Sewer:    sewer_minmay_w

Skill      XL: |  1  2  3  4  5 |
---------------+----------------+-----
Stealth        | 5 6 |  6.3
Short Blades   | 2 3 |  3.0
Fighting       | 2 |  2.3
Throwing       | 2 |  2.0
Dodging        | 1 |  1.0
Armour         | 1 |  1.1

Action                   |  1- 3 |  4- 6 || total
-------------------------+-------+-------++-------
Melee: Dagger            |    48 |    65 ||   113
       Bite              |     9 |    16 ||    25
       Punch             |     1 |     1 ||     2
 Fire: Hunting sling     |    26 |    42 ||    68
Throw: Dart              |     6 |     8 ||    14
  Use: Scroll            |     1 |     2 ||     3
       Potion            |       |     1 ||     1
 Stab: Sleeping          |     8 |     3 ||    11
Armor: Leather armour    |     6 |    10 ||    16
Dodge: Dodged            |    19 |    44 ||    63

Table legend: (Time is in decaauts)
 A = Elapsed time spent in this place.
 B = Non-inter-level travel time spent in this place.
 C = Inter-level travel time spent in this place.
 D = Time resting spent in this place.
 E = Time spent auto-exploring this place.
 F = Levels seen in this place.
 G = Mean time per level.
                   A        B        C        D        E       F      G
               +--------+--------+--------+--------+--------+-----+--------+
         Total |   2506 |   2466 |     40 |      0 |   1678 |   4 |  626.5 |
       Dungeon |   2118 |   2078 |     40 |      0 |   1622 |   3 |  706.0 |
         Sewer |    388 |    388 |      0 |      0 |     56 |   1 |  388.0 |
               +--------+--------+--------+--------+--------+-----+--------+

Top non-repeatable levels by time:
     D:1: 1185 daAuts
     D:2: 827 daAuts
   Sewer: 388 daAuts
     D:3: 105 daAuts
